 Dungeon Crawl Stone Soup version 0.31-a0-543-geaa9c7a2c0 (webtiles) character file.

Game seed: 8113014631419075480

51 Conn the Firebug (level 3, 0/19 HPs)
             Began as a Deep Elf Fire Elementalist on Aug 15, 2023.
             Succumbed to Terence's poison
             ... on level 2 of the Dungeon.
             The game lasted 00:04:16 (1193 turns).

Conn the Firebug (Deep Elf Fire Elementalist)       Turns: 1193, Time: 00:04:17

Health: 0/19       AC:  6    Str:  3 (5)  XL:     3   Next: 57%
Magic:  10/10      EV: 12    Int: 18 (21) God:
Gold:   90         SH:  0    Dex: 12 (15) Spells: 8/9 levels left

rFire   + . .        c - +0 dagger
rCold   x . .        (no shield)
rNeg    . . .        a - +0 robe
rPois   .            (no helmet)
rElec   .            g - scarf {+Inv}
rCorr   .            (no gloves)
SInv    .            (no boots)
Will    .....        (no amulet)
Stlth   ++           f - ring of fire
HPRegen 0.23/turn    i - +4 ring of protection
MPRegen 0.12/turn

%: no passive effects
@: lethally poisoned (0 -> -11)
A: no striking features
a: Evoke Invisibility


You were on level 2 of the Dungeon.
You visited 1 branch of the dungeon, and saw 2 of its levels.

You collected 90 gold pieces.

Inventory:

Hand Weapons
 c - a +0 dagger (weapon)
Missiles
 h - 6 atropa-tipped darts
Armour
 a - a +0 robe (worn)
 g - a scarf of invisibility (worn)
Jewellery
 f - a ring of fire (left hand)
 i - a +4 ring of protection (right hand)
 l - a +6 ring of strength
Scrolls
 d - a scroll of acquirement {unknown}
 e - a scroll of amnesia {unknown}
 j - 2 scrolls of enchant armour {unknown}
 n - a scroll of summoning {unknown}
Potions
 b - a potion of magic
 k - a potion of degeneration
 m - a potion of heal wounds {unknown}


   Skills:
 + Level 0.2 Fighting
 + Level 0.1 Short Blades
 + Level 2.9 Dodging
 + Level 2.6 Stealth
 * Level 3.8 Spellcasting
 * Level 1.4 Conjurations
 + Level 4.0 Fire Magic
 * Level 0.3 Evocations


You had 8 spell levels left.
You knew the following spells:

 Your Spells              Type           Power      Damage    Failure   Level
a - Foxfire               Conj/Fire      76%        2x1d7     4%          1

Your spell library contained the following spells:

 Spells                   Type           Power      Damage    Failure   Level
 Scorch                   Fire           54%        2d7       4%          2
 Inner Flame              Hex/Fire       16%        N/A       21%         3
 Volatile Blastmotes      Fire/Tloc      32%        2d12      21%         3
 Flame Wave               Conj/Fire      19%        2d7       43%         4


Dungeon Overview and Level Annotations

Branches:
Dungeon (2/15)

Altars:

Annotations:
D:2 Terence


Message History

The worm is almost dead.
The foxfire hits the worm.
You kill the worm!
Unknown command.
Casting: Foxfire (safe; 4% risk of failure)
Confirm with . or Enter, or press ? or * to list all spells.
You don't have enough magic to cast this spell.
Unknown command.
Your foxfire dissipates! x2
You now have 72 gold pieces (gained 10).
You see here a worm corpse.
You now have 83 gold pieces (gained 11).
You now have 90 gold pieces (gained 7).
Terence the Incautious comes into view.
He is wielding a +4 short sword of venom.
Found a scroll labelled TAIZIY ALO NONA.
Found a stone staircase leading down.
The helpless Terence fails to defend himself.
You puncture Terence!
Terence is moderately wounded.
Terence hits you with a +4 short sword of venom.
Unknown command.
Casting: Foxfire (safe; 4% risk of failure)
Confirm with . or Enter, or press ? or * to list all spells.
Okay, then.
Unknown command.
Unknown command.
Casting: Foxfire (safe; 4% risk of failure)
Confirm with . or Enter, or press ? or * to list all spells.
Okay, then.
Unknown command.
Unknown command.
Terence attacks as you move away!
Terence hits you with a +4 short sword of venom!
You are lethally poisoned!
* * * LOW HITPOINT WARNING * * *
You feel very sick.
It was a potion of degeneration.
There was something very wrong with that liquid.
You feel weakened.
You feel dopey.
You feel clumsy.
You die...

.#...#................
....##..........#..##.
##...#..........#..# .#
####.#..........#..##.#
...#.##.............#.#
##....#........####...# #
#.......†########..##### .#
#.......#####.........#
...##.....[.....@@.>......#
............#####...?.....#
#..............##.........#
...#.......##.##.........#
.##.......##........##.##
#.......#########....#
##.....## ##### ##...##
#####


You could see Terence.

Vanquished Creatures
  A gnoll (D:1)
  A worm (D:2)
  A dart slug (D:1)
  2 bats
  3 endoplasms
  A giant cockroach (D:1)
  3 goblins (D:1)
  2 hobgoblins (D:1)
  6 kobolds (D:1)
  4 quokkas
  2 ball pythons
  A frilled lizard (D:2)
  7 rats
34 creatures vanquished.

Vanquished Creatures (others)
  99 foxfires
99 creatures vanquished.

Grand Total: 133 creatures vanquished

Notes
Turn   | Place    | Note
-------+----------+-------------------------------------------
     0 | D:1      | Conn the Deep Elf Fire Elementalist began the quest for the
                  | Orb.
     0 | D:1      | Reached XP level 1. HP: 10/10 MP: 6/6
   144 | D:1      | Reached XP level 2. HP: 15/15 MP: 5/8
   449 | D:1      | Reached skill level 4 in Fire Magic
   472 | D:1      | Reached XP level 3. HP: 19/19 MP: 9/9
   608 | D:1      | Found a faded altar of an unknown god.
  1184 | D:2      | Noticed Terence
  1193 | D:2      | Succumbed to Terence's poison

Illustrated notes

Levels and vault maps discovered:
D:1:      amcnicky_arrival_double_pillar, layout_loops_ring,
          dreamdust_ecumenical_altar_statues
D:2:      layout_rooms, serial_shops, nicolae_shop_crystal, uniq_robin,
          uniq_jessica, uniq_sigmund, uniq_terence

Skill      XL: |  1  2 |
---------------+-------+-----
Fire Magic     | 4 |  4.0
Fighting       | |  0.2
Short Blades   | |  0.1
Dodging        | |  2.9
Stealth        | |  2.6
Spellcasting   | |  3.8
Conjurations   | |  1.4
Evocations     | |  0.3

Action                     || total
---------------------------++-------
  Melee: Unarmed           ||     2
         Dagger            ||    32
   Cast: Foxfire           ||    62
    Use: Potion            ||     1
   Stab: Sleeping          ||     3
 Armour: Robe              ||    10
  Dodge: Dodged            ||    40

Table legend: (Time is in decaauts)
 A = Elapsed time spent in this place.
 B = Non-inter-level travel time spent in this place.
 C = Inter-level travel time spent in this place.
 D = Time resting spent in this place.
 E = Time spent auto-exploring this place.
 F = Levels seen in this place.
 G = Mean time per level.
                   A        B        C        D        E       F      G
               +--------+--------+--------+--------+--------+-----+--------+
         Total |   1191 |   1168 |     23 |      0 |    736 |   2 |  595.5 |
       Dungeon |   1191 |   1168 |     23 |      0 |    736 |   2 |  595.5 |
               +--------+--------+--------+--------+--------+-----+--------+

Top non-repeatable levels by time:
     D:1: 902 daAuts
     D:2: 288 daAuts
